AoeStats
← EtBdsTROLL

Arabia

508433411Analyzed
1v1 RM · 9d ago on Sep 22, 2026· 19m 43s· 2 players
Game mode
Random Map
Map size
Tiny (2 player)
Population
200
Speed
Normal
Resources
Standard
Victory
Conquest
Starting age
Dark Age
Ending age
Imperial Age
RankedLock teamsTeams togetherTeam positionsShared explorationLock speedFull tech treeHidden civsTurbo modeCheats
Victory
Defeat
🇨🇳 Lithuanians · China
1297
+15
🇫🇷 Maya · France
1272
-15
EtBdsTROLL
0:25 Loom
9:33 Feudal Age
10:33 Double-Bit Axe
11:17 Horse Collar
14:19 Town Watch
15:39 Fletching
17:52 Wheelbarrow
18:58 Padded Archer Armor
Poppy
6:12 Loom
8:44 Feudal Age
11:59 Horse Collar
17:17 Wheelbarrow
17:08 Fletching
Connection lost

Rejoining the realm…

Still unreachable

The connection could not be restored.

Session expired

The server has moved on; the page needs a fresh start.